Map: Lightshade LE

Players

ViBE - Winner!

  • Race: Zerg Zerg
  • League: Silver
  • Spawn Location: 5:00

Aaroncz

  • Race: Terran Terran
  • Spawn Location: 11:00

VOD

Have the link to the VOD?

Description

Time

  • Played on: March 11, 2021, 11:14 p.m.
  • Length: 13:55
Show
View Real Time Build Order
Export as new Build Order

ViBE Zerg - Winner!

Build Orders: Hatch First 

Get SALT Encoding   

  12  0:01  Drone  
  13  0:15  Overlord  
  13  0:19  Drone  
  14  0:33  Drone x2  
  16  0:50  Drone  
  17  0:57  Hatchery  
  17  1:01  Drone x2  
  18  1:14  Spawning Pool  
  18  1:17  Drone  
  18  1:31  Extractor  
  17  1:33  Drone x2  
  19  1:44  Drone  
  20  2:01  Overlord  
  20  2:02  Queen  
  22  2:09  Queen  
  22  2:10  Drone  
  22  2:11  Drone  
  26  2:19  Spine Crawler  
  26  2:22  Drone x2  
  27  2:29  Overlord  
  27  2:40  Drone x2  
  29  2:45  Drone  
  29  2:48  Lair  
  29  2:51  Queen  
  30  2:55  Drone x2  
  34  3:09  Drone x3  
  37  3:21  Drone x7  
  44  3:27  Roach Warren  
  44  3:28  Evolution Chamber  
  44  3:31  Evolution Chamber  
  41  3:43  Drone x3  
  44  3:51  Extractor  
  44  3:52  Extractor  
  44  3:54  Overlord  
  42  3:56  Overlord  
  42  4:05  Drone x2  
  44  4:20  Drone x4  
  44  4:23  Glial Reconstitution  
  48  4:26  Zerg Missile Weapons Level 1  
  48  4:28  Roach x4  
  58  4:38  Roach x2  
  58  4:41  Overlord x3  
  60  4:56  Hatchery  
  59  5:11  Drone x7  
  66  5:25  Drone  
  66  5:26  Drone  
  68  5:33  Drone x8  
  76  5:49  Hydralisk Den, Drone x2  
  77  5:56  Overlord x2  
  77  5:57  Overlord  
  77  5:58  Drone  
  77  5:59  Drone x3  
  77  6:03  Queen  
  83  6:13  Extractor  
  83  6:14  Extractor, Drone x3  
  83  6:17  Extractor  
  83  6:26  Zerg Missile Weapons Level 2  
  83  6:27  Zerg Ground Armor Level 1  
  83  6:30  Drone  
  83  6:31  Drone x2  
  86  6:34  Drone  
  86  6:39  Overlord  
  87  6:40  Overlord x2  
  87  6:44  Grooved Spines, Hydralisk  
  87  6:45  Hydralisk x7  
  103  6:51  Hatchery  
  102  6:58  Hydralisk x3  
  108  7:08  Hydralisk x3  
  114  7:18  Hydralisk x3  
  117  7:23  Hydralisk  
  117  7:27  Hydralisk x4  
  112  7:32  Queen, Hydralisk  
  112  7:33  Hydralisk x2  
  112  7:35  Hydralisk  
  106  7:39  Hydralisk  
  106  7:41  Muscular Augments  
  106  7:47  Hydralisk  
  108  7:52  Drone  
  108  7:53  Drone x4  
  108  7:54  Drone  
  108  7:58  Hydralisk x3  
  120  8:08  Drone x2  
  120  8:09  Drone x6  
  128  8:28  Drone x10  
  138  8:35  Extractor  
  138  8:36  Extractor  
  138  8:40  Drone x6  
  142  8:46  Hatchery  
  141  8:49  Overlord x3  
  141  8:53  Hydralisk  
  143  9:36  Hydralisk  
  143  9:37  Hydralisk x11  
  167  9:42  Infestation Pit  
  166  10:06  Overlord x7  
  166  10:09  Zerg Ground Armor Level 2, Hatchery  
  165  10:18  Hive  
  165  10:35  Hydralisk x17  
  199  11:16  Drone x2  
  199  11:18  Drone  
  103  11:20  Hydralisk x3  
  103  11:21  Hydralisk x11  
  103  11:24  Overseer  
  129  11:42  Hydralisk x13  
  155  11:58  Hydralisk  
  155  11:59  Hydralisk x10  
  163  12:04  Hydralisk x3  
  163  12:05  Hydralisk x3  
  133  12:25  Hydralisk x14  
  133  12:26  Hydralisk  
  161  12:30  Queen  
  161  12:31  Hatchery  
  161  12:36  Drone  
  163  12:46  Hydralisk x12  
  187  12:56  Hydralisk  
  187  12:57  Hydralisk x5  
Show
View Real Time Build Order
Export as new Build Order

Aaroncz Terran 

Build Orders:  

Get SALT Encoding   

  12  0:01  SCV  
  13  0:15  Supply Depot  
  13  0:19  SCV  
  14  0:31  SCV  
  15  0:43  Barracks  
  15  0:48  SCV  
  16  0:52  Supply Depot  
  16  1:00  SCV  
  17  1:07  Barracks  
  17  1:13  SCV  
  18  1:35  Marine  
  19  1:42  Supply Depot  
  19  1:53  Marine  
  20  1:56  Marine  
  21  2:04  Refinery  
  21  2:07  Engineering Bay  
  21  2:08  Refinery  
  21  2:10  Marine  
  21  2:14  Marine  
  23  2:24  SCV  
  23  2:28  Marine  
  25  2:32  Marine  
  25  2:36  SCV  
  27  2:46  Marine  
  27  2:48  SCV  
  27  2:49  Marine  
  30  2:58  Factory  
  30  3:00  SCV  
  30  3:04  Marine  
  32  3:07  Marine  
  32  3:12  SCV  
  34  3:22  Marine  
  34  3:24  SCV  
  34  3:25  Marine  
  37  3:36  SCV  
  37  3:39  Marine  
  39  3:44  Ghost Academy  
  39  3:45  Factory Tech Lab  
  39  3:59  Terran Infantry Weapons Level 1  
  39  4:03  Barracks Tech Lab  
  39  4:12  Supply Depot  
  39  4:24  Factory  
  39  4:33  Marine  
  39  4:34  SCV, Siege Tank  
  39  4:35  Supply Depot  
  44  4:46  SCV  
  44  4:51  Marine  
  44  4:52  Combat Shield  
  46  4:54  Marine  
  47  5:02  Supply Depot  
  47  5:06  Siege Tank  
  50  5:09  Marine  
  50  5:12  Marine  
  52  5:25  Supply Depot  
  52  5:27  Factory Tech Lab, Marine  
  53  5:30  Marine, Missile Turret  
  54  5:38  Orbital Command  
  54  5:44  Marine  
  54  5:48  Marine  
  54  5:49  Supply Depot, Missile Turret  
  56  6:02  Marine  
  57  6:06  Marine  
  57  6:10  Missile Turret  
  58  6:20  Marine  
  58  6:24  Marine  
  60  6:38  Marine  
  61  6:43  Siege Tank  
  61  6:46  Marine  
  65  6:56  Marine  
  66  7:03  Marine  
  67  7:14  Marine  
  71  7:15  Siege Tank  
  71  7:21  Marine  
  63  7:31  Marine  
  51  7:39  Marine  
  46  7:46  Nuke  
  46  7:49  Marine  
  47  7:57  Marine  
  48  8:07  Marine  
  49  8:15  Marine  
  50  8:25  Marine  
  51  8:28  Personal Cloaking  
  51  8:33  Marine  
  52  8:43  Marine  
  54  8:56  Siege Tank  
  54  9:00  Marine  
  58  9:03  Ghost  
  59  9:18  Marine  
  59  9:21  Command Center  
  60  9:36  Marine, Starport  
  61  9:45  Terran Infantry Armor Level 1  
  61  9:53  Armory  
  61  9:54  Marine  
  62  10:08  Marine  
  62  10:12  Marine  
  64  10:14  Starport  
  64  10:26  Marine  
  65  10:29  Marine  
  66  10:40  Engineering Bay  
  66  10:44  Marine  
  66  10:47  Marine  
  68  11:02  Marine  
  69  11:05  Marine  
  70  11:20  Marine  
  71  11:40  Marine x2  
  71  11:41  Nuke  
  71  11:57  Marine  
  71  11:58  Marine  
  33  12:32  Marine x2  
  33  12:35  SCV  
  34  12:40  Siege Tank x2  
  40  12:47  SCV  
  40  12:50  Marine x2  
  43  12:59  SCV  
  44  13:07  Marine  
  44  13:08  Marine  
  44  13:11  SCV  
  44  13:12  Siege Tank x2  
  53  13:23  SCV  
  53  13:25  Marine x2  
  56  13:28  Barracks  
Tags
 
League
Silver
Matchup
TvZ
Player
ViBE
Spawn Locations
Cross Positions
Add a new tag
Caveats
  • Supply blocks, unpowered buildings, or Contaminate may cause inaccurate times.
  • Supply counts are checked every 10 seconds.